 Dungeon Crawl Stone Soup version 0.24-a0-284-g9fb9971 (webtiles) character file.

241628 Gildeon the Bludgeoner (level 18, 49/163 HPs)
             Began as a Minotaur Fighter on Jan 22, 2019.
             Was the Champion of Zin.
             Quit the game on level 4 of the Shoals on May 4, 2019.
             The game lasted 02:55:12 (33188 turns).

Gildeon the Bludgeoner (Minotaur Fighter)          Turns: 33188, Time: 02:55:12

Health: 49/163     AC: 33    Str: 27    XL:     18   Next: 65%
Magic:  24/24      EV: 13    Int:  5    God:    Zin [******]
Gold:   1419       SH: 24    Dex: 12    Spells: 9/27 levels left

rFire    + + +     SeeInvis +   p - +5 morningstar (flame)
rCold    . . .     Gourm    .   b - +2 large shield
rNeg     + . .     Faith    .   d - +7 plate armour {MR+}
rPois    +         Spirit   .   B - +2 hat {SInv}
rElec    +         Reflect  .   K - +2 cloak {rF+}
rCorr    .         Harm     .   v - +1 pair of gloves "Myt Kal" {rElec rF+}
MR       +++..                  R - +0 pair of boots
Stlth    ..........             u - amulet of regeneration
HPRegen  0.77/turn              q - ring of protection from magic
MPRegen  0.19/turn              C - ring "Ofenig" {rElec rPois rF+ rN+}

@: studying Maces & Flails
A: retaliatory headbutt, horns 2
}: 2/15 runes: serpentine, barnacled
a: Recite, Vitalisation, Imprison, Sanctuary, Donate Gold, Renounce Religion


You were on level 4 of the Shoals.
You worshipped Zin.
Zin was exalted by your worship.
You were not hungry.

You visited 6 branches of the dungeon, and saw 32 of its levels.
You visited 1 bazaar.
You also visited: Volcano.

You collected 3287 gold pieces.
You spent 1699 gold pieces at shops.
You donated 169 gold pieces to Zin.

Inventory:

Hand Weapons
 p - a +5 morningstar of flaming (weapon)
Armour
 b - a +2 large shield (worn)
 d - a +7 plate armour of magic resistance (worn)
 g - the +0 cloak of an ice cave {+Blink MR- rCorr Int+3}
   (You acquired it on level 4 of the Dungeon)

   It affects your intelligence (+3).
   It affects your resistance to hostile enchantments.
   It lets you blink.
   It provides partial protection from all sources of acid and corrosion.
 v - the +1 pair of gloves "Myt Kal" (worn) {rElec rF+}
   (You bought it in a shop on level 10 of the Dungeon)

   It protects you from fire.
   It insulates you from electricity.
 B - a +2 hat of see invisible (worn)
 K - a +2 cloak of fire resistance (worn)
 O - the +4 pair of gloves of the Garden {rF++ Regen+ Dex-5 Slay+5}
   (You found it on level 4 of the Shoals)

   It affects your dexterity (-5).
   It affects your accuracy and damage with ranged weapons and melee attacks
   (+5).
   It greatly protects you from fire.
   It increases your rate of regeneration.
 R - a +0 pair of boots (worn)
Jewellery
 a - an uncursed ring of protection from cold
 q - a ring of protection from magic (left hand)
 u - an amulet of regeneration (around neck)
 C - the ring "Ofenig" (right hand) {rElec rPois rF+ rN+}
   (You found it on level 3 of the Snake Pit)

   [ring of poison resistance]

   It protects you from fire.
   It insulates you from electricity.
   It protects you from poison.
   It protects you from negative energy.
 J - an uncursed ring of protection from magic
 L - an uncursed ring of flight
 N - an uncursed ring of ice
 P - a +4 amulet of reflection
 Q - an uncursed ring of fire
 T - the ring "Xogydghafua" {*Corrode MR+++ AC+3 Dex-2 SInv}
   (You took it off a merfolk impaler on level 4 of the Shoals)

   [ring of protection]

   It affects your AC (+3).
   It affects your dexterity (-2).
   It affects your resistance to hostile enchantments.
   It lets you see invisible.
   It may corrode you when you take damage.
 U - a +3 ring of dexterity
Wands
 i - a wand of digging (5)
 x - a wand of acid (4)
 A - a wand of disintegration (13)
 E - a wand of paralysis (39)
Scrolls
 h - 5 scrolls of fog
 j - 10 scrolls of teleportation
 k - 4 scrolls of fear
 l - 7 scrolls of remove curse
 n - 4 scrolls of amnesia
 o - 2 scrolls of holy word
 r - 6 scrolls of blinking
 t - 2 scrolls of silence
 y - a scroll of summoning
 F - a scroll of identify
 I - a scroll of magic mapping
Potions
 c - 2 potions of heal wounds
 e - 8 potions of curing
 m - a potion of berserk rage
 s - a potion of ambrosia
 w - 2 potions of flight
 z - 4 potions of cancellation
 D - a potion of might
 G - 2 potions of magic
 H - 3 potions of resistance
 S - 2 potions of mutation
Books
 M - a manual of Maces & Flails
Comestibles
 f - 33 rations


   Skills:
 - Level 15.0 Fighting
 + Level 18.0 Maces & Flails
 - Level 15.0 Armour
 - Level 15.0 Dodging
 + Level 17.8 Shields
 - Level 5.0 Spellcasting
 - Level 5.0 Hexes
 - Level 5.0 Transmutations
 + Level 3.0 Ice Magic
 - Level 5.0 Earth Magic
 - Level 5.0 Invocations
 - Level 5.0 Evocations


You had 9 spell levels left.
You knew the following spells:

 Your Spells              Type           Power        Failure   Level  Hunger
a - Passwall              Tmut/Erth      #.......     71%         2    ###....
b - Sandblast             Erth           #.....       56%         1    ##.....
c - Corona                Hex            #......      56%         1    ##.....
d - Ensorcelled Hibernat  Hex/Ice        #.....       83%         2    ###....
e - Slow                  Hex            #.......     71%         2    ###....
f - Infusion              Chrm           #...         99%         1    ##.....
g - Shroud of Golubria    Chrm/Tloc      #.........   100%        2    ###....
h - Song of Slaying       Chrm           #.......     100%        2    ###....
i - Shock                 Conj/Air       #...         99%         1    ##.....
j - Swiftness             Chrm/Air       #.......     100%        2    ###....
k - Throw Frost           Conj/Ice       #.....       99%         2    ###....

Your spell library contained the following spells:

 Spells                   Type           Power        Failure   Level  Hunger
 Animate Skeleton         Necr           N/A          99%         1    ##.....
 Pain                     Necr           #...         99%         1    ##.....
 Summon Butterflies       Summ           #.......     99%         1    ##.....
 Inner Flame              Hex/Fire       #.......     99%         3    ####...
 Portal Projectile        Hex/Tloc       #.....       99%         3    ####...
 Spectral Weapon          Hex/Chrm       #.......     99%         3    ####...
 Stone Arrow              Conj/Erth      #.....       99%         3    ####...
 Ozocubu's Armour         Chrm/Ice       #.......     100%        3    ####...
 Regeneration             Chrm/Necr      #.........   100%        3    ####...
 Static Discharge         Conj/Air       #.......     100%        3    ####...
 Vampiric Draining        Necr           #.........   100%        3    ####...
 Airstrike                Air            #.........   100%        4    #####..
 Animate Dead             Necr           N/A          100%        4    #####..
 Cause Fear               Hex            #.........   100%        4    #####..
 Ice Form                 Ice/Tmut       #.......     100%        4    #####..
 Leda's Liquefaction      Hex/Erth       #.........   100%        4    #####..
 Petrify                  Tmut/Erth      #.......     100%        4    #####..
 Summon Ice Beast         Ice/Summ       #.......     100%        4    #####..
 Summon Lightning Spire   Summ/Air       #.......     100%        4    #####..
 Aura of Abjuration       Summ           #.........   100%        5    ######.
 Borgnjor's Vile Clutch   Necr/Erth      #.........   100%        5    ######.
 Lee's Rapid Deconstruct  Erth           #.........   100%        5    ######.
 Lightning Bolt           Conj/Air       #.........   100%        5    ######.
 Metabolic Englaciation   Hex/Ice        #.........   100%        5    ######.
 Silence                  Hex/Air        #.........   100%        5    ######.
 Summon Forest            Summ/Tloc      #.........   100%        5    ######.
 Bolt of Cold             Conj/Ice       #.........   100%        6    #######
 Darkness                 Hex            #.........   100%        6    #######
 Freezing Cloud           Conj/Ice/Air   #.........   100%        6    #######
 Ozocubu's Refrigeration  Ice            #.........   100%        6    #######
 Shadow Creatures         Summ           N/A          100%        6    #######
 Simulacrum               Ice/Necr       #.........   100%        6    #######
 Spellforged Servitor     Conj/Summ      #.........   100%        7    #######


Dungeon Overview and Level Annotations

Branches:
Dungeon (15/15)            Temple (1/1) D:7            Lair (6/6) D:10
 Shoals (4/4) Lair:2        Snake (4/4) Lair:3        Slime (0/5) Lair:6
    Orc (2/2) D:10            Elf (0/3) Orc:2        Vaults (0/5) D:14
 Depths (0/5) D:15

Altars:
Ashenzari
Cheibriados
Dithmenos
Elyvilon
Fedhas
Gozag
Hepliaklqana
Kikubaaqudgha
Makhleb
Nemelex Xobeh
Okawaru
Qazlal
Ru
Sif Muna
Trog
Uskayaw
Vehumet
Wu Jian
Xom
Yredelemnul
Zin
The Shining One

Shops:
D:4 ?   D:10 [   Orc:2 }:*!   Shoals:3 [   Snake:2 :   Snake:4 %

Annotations:
Shoals:1 exclusion: Roxanne, Roxanne


Innate Abilities, Weirdness & Mutations

You reflexively headbutt those who attack you in melee.
You have a pair of horns on your head.


Message History

The tide is released from Ilsuiw's call.
You kill Ilsuiw!
The water elemental disappears in a puff of smoke! x3
Your Ice Magic skill increases to level 3!
The merfolk siren chants a haunting song.
You resist with almost no effort. You block the merfolk's attack.
You impale the merfolk!! You burn the merfolk!
You kill the merfolk!
The merfolk siren chants a haunting song.
You easily resist.
You block the merfolk siren's attack.
You see here a javelin of penetration.
You impale the merfolk siren!! You burn the merfolk siren.
You headbutt the merfolk siren!
You kill the merfolk siren!
F - a scroll of identify
Items here: ( )) †† a +2 spear of venom; 4 tomahawks; a +0 spear; a merfolk corpse x2
You see here a javelin of penetration.
Are you sure you want to abandon this character and quit the game? (Confirm with "yes".)

≈#)...≈##.....#,*,*≈*,,,,,≈≈≈≈≈≈≈
#≈≈≈≈≈##≈.....#,,,,,*,,,,≈≈≈≈≈≈≈≈
#######≈≈..####,*,,,*,,,,≈≈≈≈≈≈≈≈
##.≈≈≈.###**,,,**,,.≈≈≈≈≈≈≈≈≈
*#..≈≈≈...#####***,^≈≈≈≈≈≈≈≈≈≈
***#<.....≈..(...#####.≈≈≈≈≈≈≈≈≈≈
,,,.........##(###(...≈≈≈≈≈≈≈≈≈≈≈
*,,...###..##.(###..≈≈≈≈≈≈≈≈≈≈≈≈≈
*,,...* #.....†(@)≈≈≈≈≈≈≈≈≈≈≈≈≈≈≈
,,,..,**#...≈[)))(≈≈§≈≈≈≈≈≈≈≈≈≈≈≈
,,,,,,,*#..≈≈≈((((≈≈≈≈≈≈≈≈≈≈≈≈≈≈≈
,,,,,,**####.≈≈≈[≈≈≈≈≈≈≈≈≈≈≈≈≈≈≈≈
,,,,,** #..≈≈≈≈≈≈≈≈≈≈≈≈≈≈≈≈≈≈≈
,,,,,* ##..≈≈≈≈≈≈≈≈≈≈≈≈≈≈≈≈≈≈
,,,,,* #..≈≈≈≈≈≈≈≈≈≈≈≈≈≈≈≈≈≈
,,,,,****** ##....≈≈≈≈≈≈≈≈≈≈≈≈≈≈≈
,,,,,,,,,,**#...#.≈≈≈≈≈≈≈≈≈≈≈≈≈≈≈


There were no monsters in sight!

Vanquished Creatures
  Vashnia (Snake:4)
  Rupert (Orc:1)
  Asterion (Snake:2)
  The ghost of Mgcat the Severer, an adept NaFi of Cheibriados (Snake:2)
  A kraken (Shoals:4)
  Polyphemus (Shoals:2)
  6 nagarajas (Snake:4)
  Ilsuiw (Shoals:4)
  A frost giant (D:15)
  Louise (Shoals:4)
  7 merfolk javelineers
  9 merfolk impalers
  13 naga warriors
  8 anacondas
  The ghost of George the Cleaver, a journeyman DsFi of Qazlal (D:10)
  Erica (D:10)
  8 hydras
  2 catoblepae
  A centaur warrior (D:15)
  An alligator snapping turtle (Shoals:4)
  3 merfolk avatars
  6 two-headed ogres
  4 merfolk aquamancers
  A deep troll shaman (Lair:6)
  11 death yaks
  5 satyrs
  3 tengu warriors
  10 naga sharpshooters
  4 orc high priests (Orc:2)
  13 shock serpents
  Urug (D:10)
  Sonja (Lair:5)
  5 salamander mystics
  2 skeletal warriors (Volcano)
  3 naga ritualists
  13 sea snakes
  8 harpies
  A phantasmal warrior (D:11)
  A wolf spider zombie (D:15)
  An anaconda skeleton (Volcano)
  6 orc knights
  4 mana vipers
  2 lindwurms
  6 oklob plants
  3 ugly things (D:15)
  20 salamanders
  7 orc sorcerers (Orc:2)
  10 cyclopes
  3 guardian serpents
  12 elephants
  A salamander (shapeshifter) (D:14)
  31 fauns
  11 merfolk sirens
  14 manticores
  4 water nymphs
  19 naga magi
  2 centaur zombies (D:15)
  22 black mambas
  13 spiny frogs
  6 gargoyles
  2 rime drakes
  A yaktaur (D:15)
  An efreet (D:15)
  5 komodo dragons
  5 trolls
  4 tengu conjurers
  3 meliai (D:14)
  6 wind drakes
  3 hornets (Lair:5)
  A slime creature (shapeshifter) (D:14)
  5 slime creatures
  32 merfolk
  6 polar bears
  4 blink frogs (Lair:4)
  9 hippogriffs
  8 snapping turtles
  A dream sheep (shapeshifter) (D:11)
  17 dream sheep
  A meliai zombie (D:12)
  4 alligator skeletons (Volcano)
  3 shadows
  Sigmund (D:6)
  13 water elementals
  2 flying skulls (Volcano)
  2 wyverns
  A vampire (D:12)
  43 yaks
  3 basilisks
  3 hungry ghosts
  3 vampire mosquitoes
  65 nagas
  2 wargs (Orc:1)
  A soldier ant (D:15)
  13 water moccasins
  8 porcupines
  An eye of draining (shapeshifter) (D:14)
  22 orc warriors
  5 ice beasts
  3 sky beasts
  A black bear (Lair:6)
  An eye of draining (D:11)
  A black bear (shapeshifter) (D:14)
  3 phantoms (D:9)
  2 necrophages
  8 ogres
  19 wolves
  7 centaurs
  3 big kobolds
  12 crocodiles
  Blork the orc (D:6)
  13 bullfrogs
  A gnoll sergeant (D:5)
  A water moccasin zombie (D:9)
  3 wyvern skeletons
  3 scorpions
  12 killer bees
  A spriggan skeleton (Volcano)
  3 troll skeletons (Volcano)
  8 wights
  7 howler monkeys
  7 crimson imps
  2 bullfrog zombies
  4 hounds
  16 jellies
  31 orc wizards
  A quasit (D:7)
  17 orc priests
  Crazy Yiuf (D:3)
  7 centaur skeletons
  2 bullfrog skeletons
  4 iguanas
  10 worker ants
  Terence (D:3)
  4 hell rats (Lair:5)
  A hound zombie (D:5)
  2 naga skeletons (Volcano)
  A mummy (D:5)
  3 worker ant zombies
  18 adders
  13 gnolls
  5 shadow imps
  21 oozes
  An adder zombie (D:5)
  2 worms
  2 dart slugs
  6 leopard geckos
  89 orcs
  13 hobgoblins
  23 jackals
  7 quokkas
  7 bats
  3 frilled lizards
  7 goblins
  A hobgoblin zombie (D:5)
  20 kobolds
  A kobold zombie (D:5)
  2 orc zombies (D:5)
  7 rats
  A bush (Lair:1)
  3 fungi
  6 plants
1152 creatures vanquished.

Vanquished Creatures (others)
  Nikola (Shoals:4)
  A satyr (Shoals:3)
  A water nymph (Shoals:4)
  A merfolk (Shoals:4)
  A flying skull (Volcano)
  A gnoll (D:5)
  An adder skeleton (D:6)
  9 fungi
  40 plants
  8 tentacles (Shoals:4)
64 creatures vanquished.

Grand Total: 1216 creatures vanquished

Notes
Turn   | Place    | Note
-------+----------+-------------------------------------------
     0 | D:1      | Gildeon the Minotaur Fighter began the quest for the Orb.
     0 | D:1      | Reached XP level 1. HP: 19/19 MP: 0/0
   240 | D:1      | Reached skill level 3 in Maces & Flails
   240 | D:1      | Reached XP level 2. HP: 22/27 MP: 1/1
   479 | D:1      | You fall through a shaft!
   499 | D:2      | Reached XP level 3. HP: 23/33 MP: 2/2
   712 | D:2      | Reached skill level 4 in Maces & Flails
   838 | D:2      | Reached XP level 4. HP: 38/40 MP: 3/3
  1840 | D:3      | Reached XP level 5. HP: 35/47 MP: 4/4
  1862 | D:3      | Reached skill level 5 in Maces & Flails
  1986 | D:3      | Found a faded altar of an unknown god.
  1993 | D:3      | Became a worshipper of Zin the Law-Giver
  1993 | D:3      | Reached * piety under Zin
  2046 | D:3      | Reached ** piety under Zin
  2108 | D:3      | Noticed Terence
  2114 | D:3      | Killed Terence
  2131 | D:3      | Reached skill level 5 in Fighting
  2131 | D:3      | Reached skill level 5 in Shields
  2140 | D:3      | Reached XP level 6. HP: 36/56 MP: 5/5
  2163 | D:3      | Found a hazy altar of Hepliaklqana.
  2258 | D:3      | Reached skill level 6 in Maces & Flails
  2647 | D:3      | Found a runed door.
  2651 | D:3      | Noticed Crazy Yiuf
  2657 | D:3      | Killed Crazy Yiuf
  3005 | D:4      | Found a sparkling altar of Nemelex Xobeh.
  3087 | D:4      | Found Coosych's Magic Scroll Shoppe.
  3106 | D:4      | Reached XP level 7. HP: 60/61 MP: 6/6
  3123 | D:4      | Bought a scroll of blinking for 105 gold pieces
  3231 | D:4      | Found a shadowy altar of Dithmenos.
  3235 | D:4      | Reached skill level 7 in Maces & Flails
  3262 | D:4      | Found a glowing silver altar of Zin.
  3338 | D:4      | Found an ancient bone altar of Kikubaaqudgha.
  3443 | D:5      | Entered Level 5 of the Dungeon
  3616 | D:5      | Reached *** piety under Zin
  3691 | D:5      | Reached skill level 5 in Armour
  3806 | D:5      | Reached skill level 8 in Maces & Flails
  3806 | D:5      | Reached skill level 1 in Dodging
  3931 | D:5      | Reached XP level 8. HP: 64/68 MP: 7/7
  4403 | D:5      | Reached skill level 9 in Maces & Flails
  4631 | D:6      | Upgraded the game from 0.23-a0-819-g6debee6 to
                  | 0.23-a0-839-g6d2b917
  4664 | D:6      | Found a white marble altar of Elyvilon.
  4666 | D:6      | Reached **** piety under Zin
  4732 | D:6      | Noticed Blork the orc
  4747 | D:6      | Killed Blork the orc
  4749 | D:6      | Noticed Sigmund
  4759 | D:6      | Killed Sigmund
  4759 | D:6      | Reached skill level 10 in Maces & Flails
  5034 | D:7      | Reached XP level 9. HP: 62/74 MP: 8/8
  5220 | D:7      | Reached skill level 5 in Dodging
  5225 | D:7      | Reached skill level 11 in Maces & Flails
  5254 | D:7      | Reached skill level 1 in Invocations
  5387 | D:7      | Found a staircase to the Ecumenical Temple.
  5403 | Temple   | Entered the Ecumenical Temple
  5601 | D:7      | Found a stormy altar of Qazlal.
  6023 | D:8      | Reached skill level 12 in Maces & Flails
  6393 | D:8      | Found a white marble altar of Elyvilon.
  6520 | D:8      | Reached ***** piety under Zin
  6526 | D:8      | Noticed a two-headed ogre
  6534 | D:8      | Killed a two-headed ogre
  6534 | D:8      | Reached skill level 1 in Evocations
  6534 | D:8      | Reached XP level 10. HP: 39/81 MP: 10/10
  6769 | D:9      | Found a glowing golden altar of the Shining One.
  6829 | D:9      | Found a burning altar of Makhleb.
  7102 | D:9      | Reached skill level 10 in Shields
  7531 | D:10     | Entered Level 10 of the Dungeon
  7581 | D:10     | Reached skill level 13 in Maces & Flails
  7588 | D:10     | Found a staircase to the Lair.
  7612 | D:10     | Found a staircase to the Orcish Mines.
  7807 | D:10     | Found a runed gate.
  7807 | D:10     | Found a runed gate.
  7807 | D:10     | Found a runed gate.
  7807 | D:10     | Noticed George's ghost (journeyman DsFi)
  7842 | D:10     | Found Juac's Antique Armour Shoppe.
  7860 | D:10     | Bought a pair of fine gloves for 294 gold pieces
  7865 | D:10     | Identified the +1 pair of gloves "Myt Kal" {rElec rF+} (You
                  | bought it in a shop on level 10 of the Dungeon)
  8002 | D:10     | Noticed a +7 long sword
  8004 | D:10     | Noticed Erica
  8004 | D:10     | Noticed Urug
  8004 | D:10     | Noticed an orc knight
  8028 | D:10     | Killed an orc knight
  8033 | D:10     | Killed Urug
  8039 | D:10     | Killed Erica
  8039 | D:10     | Reached skill level 14 in Maces & Flails
  8039 | D:10     | Reached XP level 11. HP: 17/91 MP: 11/11
  8300 | Lair:1   | Entered Level 1 of the Lair of Beasts
  8342 | Lair:1   | Noticed an oklob plant
  8571 | Lair:1   | Noticed a six-headed hydra
  8585 | Lair:1   | Killed a six-headed hydra
  8919 | Lair:1   | Reached skill level 15 in Maces & Flails
  9253 | Lair:2   | Found a staircase to the Shoals.
  9437 | Lair:2   | Noticed an eight-headed hydra
  9458 | Lair:2   | Killed an eight-headed hydra
  9602 | Lair:2   | Noticed a four-headed hydra
  9623 | Lair:2   | Killed a four-headed hydra
  9872 | Lair:3   | Noticed an oklob plant
  9872 | Lair:3   | Noticed an oklob plant
  9880 | Lair:3   | Reached XP level 12. HP: 93/103 MP: 12/12
  9952 | Lair:3   | Reached skill level 16 in Maces & Flails
 10052 | Lair:3   | Reached ****** piety under Zin
 10127 | Lair:3   | Noticed a death yak
 10128 | Lair:3   | Noticed a death yak
 10128 | Lair:3   | Noticed a death yak
 10170 | Lair:3   | Noticed a death yak
 10184 | Lair:3   | Killed a death yak
 10190 | Lair:3   | Killed a death yak
 10199 | Lair:3   | Killed a death yak
 10211 | Lair:3   | Killed a death yak
 10346 | Lair:3   | Noticed a five-headed hydra
 10356 | Lair:3   | Killed a five-headed hydra
 10356 | Lair:3   | Reached skill level 10 in Fighting
 10418 | Lair:3   | Found a staircase to the Snake Pit.
 10799 | Lair:3   | Upgraded the game from 0.23-a0-839-g6d2b917 to
                  | 0.23-a0-844-gdc03e01
 10836 | Lair:4   | Found a dark tunnel.
 10841 | Volcano  | Entered a volcano
 11577 | Lair:4   | Found a glowing silver altar of Zin.
 11833 | Lair:4   | Reached XP level 13. HP: 113/113 MP: 13/13
 13038 | Lair:5   | Reached skill level 10 in Armour
 13213 | Lair:5   | Found a shimmering altar of Xom.
 13286 | Lair:5   | Noticed Sonja
 13349 | Lair:5   | Killed Sonja
 13727 | Lair:5   | Got a vibrating pewter amulet
 13759 | Lair:5   | Reached skill level 15 in Shields
 13861 | Lair:6   | Entered Level 6 of the Lair of Beasts
 14087 | Lair:6   | Found a staircase to the Slime Pits.
 14160 | Lair:6   | Reached skill level 5 in Invocations
 14267 | Lair:6   | Reached skill level 10 in Dodging
 14378 | Lair:6   | Reached XP level 14. HP: 118/122 MP: 16/16
 15467 | D:4      | Bought a scroll of acquirement for 728 gold pieces
 15467 | D:4      | Bought a scroll of enchant armour for 105 gold pieces
 15471 | D:4      | Got an encrusted cloak
 15482 | D:4      | Identified the +0 cloak of an ice cave {+Blink MR- rCorr
                  | Int+3} (You acquired it on level 4 of the Dungeon)
 15638 | D:10     | Killed George's ghost
 15684 | Orc:1    | Entered Level 1 of the Orcish Mines
 15996 | Orc:2    | Entered Level 2 of the Orcish Mines
 16005 | Orc:2    | Reached skill level 5 in Evocations
 16027 | Orc:2    | Noticed Rupert
 16054 | Orc:1    | Killed Rupert
 16631 | Orc:2    | Found a staircase to the Elven Halls.
 16872 | Orc:2    | Found Asusk's Distillery.
 17520 | Orc:2    | Found Asmer's Gadget Shop.
 17521 | Orc:2    | Found Usahoweo's Book Emporium.
 17534 | Orc:2    | Found Ziesoech's General Store.
 17538 | Orc:2    | Bought a potion of heal wounds for 50 gold pieces
 17538 | Orc:2    | Bought a potion of curing for 30 gold pieces
 17538 | Orc:2    | Bought 2 potions of heal wounds for 100 gold pieces
 17540 | Orc:2    | Bought a scroll of summoning for 133 gold pieces
 17909 | D:11     | Found a shadowy altar of Dithmenos.
 17912 | D:11     | Found a glowing silver altar of Zin.
 18402 | D:11     | Learned a level 2 spell: Passwall
 19016 | D:12     | Reached XP level 15. HP: 122/134 MP: 17/17
 19725 | D:13     | Identified the amulet of the Commoners {Acrobat rElec} (You
                  | found it on level 5 of the Lair of Beasts)
 19994 | D:13     | Found a flickering gateway to a bazaar.
 20005 | Bazaar   | Entered a bazaar
 20009 | Bazaar   | Found Emebif's Jewellery Boutique.
 20027 | Bazaar   | Found Qathean's Weapon Emporium.
 20044 | Bazaar   | Found Uzoonn's Magic Scroll Boutique.
 20049 | Bazaar   | Bought a scroll of amnesia for 49 gold pieces
 20049 | Bazaar   | Bought a scroll of torment for 105 gold pieces
 20062 | Bazaar   | Found Xiumputt's General Store.
 20552 | D:14     | Learned a level 1 spell: Sandblast
 20646 | D:14     | Found a gate to the Vaults.
 21294 | D:15     | Entered Level 15 of the Dungeon
 21353 | D:15     | Noticed a frost giant
 21366 | D:15     | Killed a frost giant
 21423 | D:15     | Found a staircase to the Depths.
 21729 | D:15     | Learned a level 1 spell: Corona
 21732 | D:15     | Learned a level 2 spell: Ensorcelled Hibernation
 21735 | D:15     | Learned a level 2 spell: Slow
 21887 | D:15     | Found a blossoming altar of Fedhas.
 22420 | Shoals:1 | Entered Level 1 of the Shoals
 23019 | Shoals:1 | Identified Roxanne's Catalogue of Earth
 23019 | Shoals:1 | Noticed Roxanne
 23252 | Shoals:2 | Noticed Polyphemus
 23400 | Shoals:2 | Learned a level 1 spell: Infusion
 23403 | Shoals:2 | Learned a level 2 spell: Shroud of Golubria
 23406 | Shoals:2 | Learned a level 2 spell: Song of Slaying
 23511 | Shoals:2 | Upgraded the game from 0.23-a0-844-gdc03e01 to
                  | 0.23-a0-860-g8ff03fb
 23762 | Shoals:2 | Reached XP level 16. HP: 135/147 MP: 18/18
 24528 | Shoals:2 | Killed Polyphemus
 25042 | Shoals:3 | Zin protects you from harm!
 25300 | Shoals:2 | Reached skill level 15 in Fighting
 25479 | Shoals:2 | Upgraded the game from 0.23-a0-860-g8ff03fb to
                  | 0.23-a0-890-gc183402
 25498 | Shoals:3 | Reached skill level 1 in Spellcasting
 25531 | Shoals:3 | Reached skill level 15 in Armour
 25594 | Shoals:3 | Found Tekh's Antique Armour Emporium.
 25974 | Shoals:3 | Reached skill level 1 in Earth Magic
 26235 | Shoals:3 | Upgraded the game from 0.23-a0-890-gc183402 to
                  | 0.24-a0-22-g2a401c0
 26267 | Shoals:4 | Entered Level 4 of the Shoals
 26318 | Shoals:4 | Noticed Louise
 26336 | Shoals:4 | Killed Louise
 26659 | Shoals:4 | Noticed a kraken
 27063 | Snake:1  | Entered Level 1 of the Snake Pit
 27124 | Snake:1  | Found Pezew's Antique Armour Shoppe.
 27948 | Snake:1  | Reached skill level 15 in Dodging
 28287 | Snake:2  | Upgraded the game from 0.24-a0-22-g2a401c0 to
                  | 0.24-a0-29-g43a6aff
 28294 | Snake:2  | Reached XP level 17. HP: 147/156 MP: 22/22
 28785 | Snake:2  | Found a sacrificial altar of Ru.
 28848 | Snake:2  | Found Coikes's Book Shop.
 28909 | Snake:2  | Reached skill level 5 in Earth Magic
 29022 | Snake:2  | Found a runed translucent door.
 29025 | Snake:2  | Noticed Mgcat's ghost (adept NaFi)
 29051 | Snake:2  | Killed Mgcat's ghost
 29051 | Snake:2  | Reached skill level 5 in Spellcasting
 29092 | Snake:2  | Learned a level 1 spell: Shock
 29095 | Snake:2  | Learned a level 2 spell: Swiftness
 29327 | Snake:2  | Noticed Asterion
 29337 | Snake:2  | Killed Asterion
 29394 | Snake:3  | Reached skill level 1 in Transmutations
 29548 | Snake:3  | Reached skill level 1 in Hexes
 29649 | Snake:3  | Got a smoking ivory ring
 29651 | Snake:3  | Identified the ring "Ofenig" {rElec rPois rF+ rN+} (You
                  | found it on level 3 of the Snake Pit)
 29725 | Snake:3  | Upgraded the game from 0.24-a0-29-g43a6aff to
                  | 0.24-a0-117-g53b5160
 30447 | Snake:3  | Upgraded the game from 0.24-a0-117-g53b5160 to
                  | 0.24-a0-139-geb6712d
 30494 | Snake:4  | Entered Level 4 of the Snake Pit
 30494 | Snake:4  | Found Hedeaj's Food Shoppe.
 30592 | Snake:4  | Noticed Vashnia
 30679 | Snake:4  | Killed Vashnia
 30881 | Snake:4  | Identified Sif Muna's Incunabulum of Creation and Ice (You
                  | acquired it on level 4 of the Snake Pit)
 30888 | Snake:4  | Learned a level 2 spell: Throw Frost
 31600 | Snake:4  | Reached skill level 5 in Transmutations
 31600 | Snake:4  | Reached XP level 18. HP: 144/163 MP: 24/24
 32188 | Snake:4  | Got a serpentine rune of Zot
 32432 | Shoals:4 | Identified the ring "Xogydghafua" {*Corrode MR+++ AC+3
                  | Dex-2 SInv}
 32492 | Shoals:4 | Identified the +4 pair of gloves of the Garden {rF++ Regen+
                  | Dex-5 Slay+5}
 32492 | Shoals:4 | Noticed Nikola
 32515 | Shoals:3 | Reached skill level 5 in Hexes
 32532 | Shoals:4 | Reached skill level 17 in Maces & Flails
 32551 | Shoals:4 | Killed Nikola
 32551 | Shoals:4 | Reached skill level 1 in Ice Magic
 32716 | Shoals:4 | Got a barnacled rune of Zot
 33136 | Shoals:4 | Noticed Ilsuiw
 33177 | Shoals:4 | Reached skill level 18 in Maces & Flails
 33178 | Shoals:4 | Upgraded the game from 0.24-a0-139-geb6712d to
                  | 0.24-a0-284-g9fb9971
 33181 | Shoals:4 | Killed Ilsuiw
 33188 | Shoals:4 | Quit the game

Levels and vault maps discovered:
D:1:      scummos_arrival_simple_crosswalls
D:2:      kennysheep_minor_cross, minmay_misc_feat_more_columns
D:3:      lemuel_coloured_pillars_altar, chequers_ecumenical_altar_simple,
          uniq_terence, uniq_crazy_yiuf_cottage
D:4:      nemelex_altar_shiori, kiku_gazebo_garden_becter, minitemple,
          serial_shops, shop_fountains
D:5:      first_ration, hangedman_abyss_or_decor_jellyfish_corner,
          minmay_mini_ossuary
D:6:      elyvilon_altar_4, st_stairs_10, uniq_sigmund, uniq_blork_the_orc
D:7:      minmay_temple_entry_butterflies, basic_altar
D:8:      basic_altar
D:9:      tso_metal_star, basic_altar
D:10:     david_lair_shrubbed, orc_0_dummy, serial_shops, shop_fountains,
          ebering_ghost_rock_garden, blue_anna_alchemist, sword_in_stone
D:11:     lemuel_slime, serial_column_ruins, column_ruins_columns_straight,
          column_ruins_grid_1, column_ruins_open_small,
          column_ruins_columns_corner, column_ruins_columns_dead_end,
          column_ruins_grid_1, column_ruins_columns_straight,
          chequers_serial_rivers_small_3, jmf_multi_god_temple
D:13:     serial_shops, bzr_entry_customers, minivault_1
D:14:     david_vaults_2, minmay_holes, serial_rivers,
          chequers_serial_rivers_small_a, chequers_serial_rivers_room_a,
          chequers_serial_rivers_micro_e, chequers_serial_rivers_room_a,
          chequers_serial_rivers_small_b
D:15:     grunt_enter_depths_snipers, minivault_23, tgw_fedhas
Temple:   regret_index_temple_waves
Lair:1:   minmay_lair_oklob_bushes, chequers_serial_rivers_micro_c, st_stairs_5
Lair:2:   elwin_shoals_entry_rocks
Lair:3:   minmay_snake_entry_guardpost_small, grunt_megastairs_1,
          minmay_lair_oklob_chamber, serial_bayou_shore_a
Lair:4:   serial_forest, infiniplex_forest_corner_2,
          infiniplex_forest_straight_2, infiniplex_forest_clump_large,
          infiniplex_forest_clump_C, enter_volcano_4, basic_altar
Lair:5:   cheibrodos_lair_overgrown_chateau, basic_altar,
          cheibrodos_lair_lostbears, uniq_sonja
Lair:6:   grunt_lair_end_beastmaster, nicolae_slime_entry_slimehenge,
          grunt_megastairs_3
Shoals:1: uniq_roxanne
Shoals:2: uniq_polyphemus
Shoals:3: cheibrodos_shoals_satyrical_garden, serial_shops, shop_statue
Shoals:4: shoals_end_hangedman, shoal_ilsuiw, serial_shops,
          nicolae_shop_waterfront, gammafunk_ghost_tricky_traps,
          nicolae_shoals_siren_and_animal_friends, uniq_nikola, uniq_louise
Snake:1:  serial_shops, nicolae_shop_behind_doors, st_stairs_5
Snake:2:  ebering_ghost_reflecting_pool, basic_altar, serial_shops,
          nicolae_shop_crystal, uniq_asterion
Snake:3:  dpeg_oklob_gauntlet, lemuel_fruit_tree
Snake:4:  minmay_snake_end_coiled, layout_rooms, serial_shops, shop,
          uniq_vashnia
Orc:2:    st_orc_elflike, uniq_rupert

Skill      XL: |  1  2  3  4  5  6  7  8  9 10 11 12 13 14 15 16 17 18 |
---------------+-------------------------------------------------------+-----
Maces & Flails | 3 4 5 6 8 10 12 14 15 16 18 | 18.0
Fighting       | 4 5 6 8 10 12 14 15 | 15.0
Shields        | 4 5 6 8 9 10 12 13 15 16 17 | 17.8
Armour         | 4 5 8 10 12 14 15 | 15.0
Dodging        | 1 4 5 7 10 11 13 15 | 15.0
Invocations    | 2 5 |  5.0
Evocations     | 1 2 3 5 |  5.0
Spellcasting   | 4 5 |  5.0
Earth Magic    | 4 5 |  5.0
Transmutations | 5 |  5.0
Hexes          | 4 5 |  5.0
Ice Magic      | 3 |  3.0

Action                   |  1- 3 |  4- 6 |  7- 9 | 10-12 | 13-15 | 16-18 || total
-------------------------+-------+-------+-------+-------+-------+-------++-------
Melee: Flail             |   104 |   121 |       |       |       |       ||   225
       Headbutt          |    12 |    23 |    53 |   125 |   425 |   422 ||  1060
       Morningstar       |       |    43 |   381 |   604 |  1682 |  1741 ||  4451
Evoke: Wand              |       |       |       |    17 |    20 |    25 ||    62
  Use: Scroll            |       |     8 |     4 |     8 |    25 |    16 ||    61
       Potion            |       |       |     7 |     3 |     7 |    13 ||    30
 Stab: Invisible         |       |     1 |       |       |       |     5 ||     6
       Distracted        |       |       |       |     1 |       |       ||     1
       Petrified         |       |       |       |       |    10 |       ||    10
       Petrifying        |       |       |       |       |     2 |       ||     2
  Eat: Chunk             |       |     5 |     7 |     8 |    14 |     7 ||    41
       Ration            |       |     1 |     1 |     3 |     8 |     8 ||    21
Armor: Scale mail        |    65 |    37 |       |       |       |       ||   102
       Chain mail        |       |    42 |    48 |       |       |       ||    90
       Plate armour      |       |       |   239 |   208 |   600 |   740 ||  1787
Dodge: Dodged            |    24 |    42 |   121 |   133 |   538 |   585 ||  1443
Block: Shield            |    61 |    99 |   265 |   318 |  1030 |   388 ||  2161
       Large shield      |       |       |       |       |       |  1679 ||  1679

Table legend:
 A = Non-vault XP
 B = Vault XP
 C = Vault XP percentage of total XP
 D = Non-vault monster count
 E = Vault monster count
 F = Vault count percentage of total count
                 A         B        C        D         E       F
            +---------+---------+-------+---------+---------+-------
      Total |  224044 |  122528 |  35.4 |     887 |     257 |  22.5
            +---------+---------+-------+---------+---------+-------
        D:1 |      66 |       0 |   0.0 |      25 |       0 |   0.0
        D:2 |      87 |       0 |   0.0 |      27 |       0 |   0.0
        D:3 |     356 |      71 |  16.6 |      30 |       2 |   6.2
        D:4 |     318 |       0 |   0.0 |      20 |       0 |   0.0
        D:5 |    1014 |      22 |   2.1 |      40 |       5 |  11.1
        D:6 |     444 |     384 |  46.4 |      16 |       4 |  20.0
        D:7 |    1663 |       0 |   0.0 |      29 |       0 |   0.0
        D:8 |    1815 |       0 |   0.0 |      24 |       0 |   0.0
        D:9 |    1362 |       0 |   0.0 |      30 |       0 |   0.0
       D:10 |    1045 |    3460 |  76.8 |       8 |       6 |  42.9
       D:11 |    5683 |    2083 |  26.8 |      46 |      28 |  37.8
       D:12 |    5637 |       0 |   0.0 |      39 |       0 |   0.0
       D:13 |    4526 |       9 |   0.2 |      22 |       3 |  12.0
       D:14 |    4316 |     920 |  17.6 |      22 |       3 |  12.0
       D:15 |    9964 |    3631 |  26.7 |      21 |       4 |  16.0
     Lair:1 |    4448 |    1508 |  25.3 |      25 |       2 |   7.4
     Lair:2 |    5020 |       0 |   0.0 |      17 |       0 |   0.0
     Lair:3 |    7818 |    2172 |  21.7 |      20 |       7 |  25.9
     Lair:4 |    5419 |       0 |   0.0 |      25 |       0 |   0.0
     Lair:5 |    9108 |    7316 |  44.5 |      36 |      21 |  36.8
     Lair:6 |    4028 |   11089 |  73.4 |      15 |      31 |  67.4
   Shoals:1 |   13227 |       0 |   0.0 |      27 |       0 |   0.0
   Shoals:2 |   14090 |    4779 |  25.3 |      32 |       4 |  11.1
   Shoals:3 |   21964 |    4944 |  18.4 |      41 |       9 |  18.0
   Shoals:4 |   21968 |   27223 |  55.3 |      44 |      32 |  42.1
    Snake:1 |   10742 |    1008 |   8.6 |      25 |       2 |   7.4
    Snake:2 |   16953 |    4769 |  22.0 |      32 |       2 |   5.9
    Snake:3 |   17145 |    1055 |   5.8 |      35 |       2 |   5.4
    Snake:4 |   27093 |   29106 |  51.8 |      48 |      44 |  47.8
      Orc:1 |    1142 |    2686 |  70.2 |      24 |       1 |   4.0
      Orc:2 |    5583 |    8379 |  60.0 |      42 |      25 |  37.3
    Volcano |       0 |    5914 | 100.0 |       0 |      20 | 100.0
            +---------+---------+-------+---------+---------+-------
